 Dungeon Crawl Stone Soup version 0.21.1-1-g345015f (webtiles) character file.

8813 xccam the Slicer (level 11, -36/82 HPs)
             Began as a Green Draconian Monk on Feb 20, 2018.
             Was a High Priest of Ru.
             Hit by a large rock thrown by a stone giant (43 damage)
             ... on level 10 of the Dungeon.
             The game lasted 00:31:10 (9775 turns).

xccam the Slicer (Green Draconian Monk)             Turns: 9775, Time: 00:31:11

Health: -36/82     AC: 10    Str: 13    XL:     11   Next: 14%
Magic:  11/11      EV: 13    Int: 14    God:    Ru [*****.]
Gold:   531        SH:  0    Dex: 17    Spells: 10/10 levels left

rFire    . . .     SeeInvis .   c - +2 rapier (protect)
rCold    . . .     Gourm    +   (no shield)
rNeg     . . .     Faith    .   (armour unavailable)
rPois    +         Spirit   .   e - +2 hat
rElec    .         Reflect  .   u - +0 cloak
rCorr    .         Harm     .   (no gloves)
MR       .....                  (no boots)
Stlth    ++++......             d - amulet of the gourmand
HPRegen  0.23/turn              l - +3 ring of slaying
MPRegen  0.12/turn              w - +3 ring of intelligence

@: no status effects
A: breathe noxious fumes, unfitting armour, poison resistance, cold-blooded,
inability to use devices, unskilled 1, missing an eye, AC +7
a: Breathe Noxious Fumes, Draw Out Power, Power Leap, Apocalypse, Renounce
Religion


You were on level 10 of the Dungeon.
You worshipped Ru.
Ru was extremely pleased with you.
You were very full.

You visited 2 branches of the dungeon, and saw 11 of its levels.

You collected 531 gold pieces.

Inventory:

Hand Weapons
 c - a +2 rapier of protection (weapon)
 x - a +1 dagger of speed
Missiles
 i - 7 javelins (quivered)
Armour
 e - a +2 hat (worn)
 p - a +0 shield
 u - a +0 cloak (worn)
Jewellery
 d - an amulet of the gourmand (around neck)
 l - a +3 ring of slaying (left hand)
 o - an uncursed ring of wizardry
 w - a +3 ring of intelligence (right hand)
 A - a cursed ring of resist corrosion
 F - a cursed -3 ring of intelligence
Wands
 t - a wand of acid (6)
 E - a wand of random effects (9)
 G - a wand of paralysis (10)
Scrolls
 f - 3 scrolls of teleportation
 h - 3 scrolls of fear
 j - 3 scrolls of remove curse
 k - 4 scrolls of amnesia
 n - 3 scrolls of identify
 r - 2 scrolls of magic mapping
Potions
 a - 3 potions of cancellation
 g - 3 potions of heal wounds
 m - a potion of brilliance
 q - a potion of lignification
 s - a potion of magic
 v - a potion of curing
 z - a potion of haste
 B - a potion of ambrosia
 C - 2 potions of flight
 D - a potion of berserk rage {unknown}
 H - 2 potions of mutation {unknown}
 I - a potion of might
 J - a potion of invisibility {unknown}
Books
 y - a book of Maledictions

   Spells                             Type                      Level
   a - Corona                         Hexes                        1
   b - Ensorcelled Hibernation        Hexes/Ice                    2
   c - Confuse                        Hexes                        3
   d - Tukima's Dance                 Hexes                        3
   e - Dazzling Spray                 Conjuration/Hexes            3
Comestibles
 b - 29 rations


   Skills:
 - Level 3.0 Fighting
 * Level 12.9 Short Blades
 - Level 2.4 Dodging
 + Level 9.4 Stealth


You had 10 spell levels left.
You didn't know any spells.

Dungeon Overview and Level Annotations

Branches:
Dungeon (10/15)            Temple (1/1) D:4            Lair (0/6) D:10
    Orc (0/2) D:9

Altars:
Ashenzari
Cheibriados
Dithmenos
Elyvilon
Fedhas
Gozag
Hepliaklqana
Kikubaaqudgha
Makhleb
Nemelex Xobeh
Okawaru
Qazlal
Ru
Sif Muna
Trog
Uskayaw
Vehumet
Wu Jian
Xom
Yredelemnul
The Shining One


Innate Abilities, Weirdness & Mutations

You can breathe blasts of noxious fumes.
Your lurid green scales are hard. (AC +7)
You cannot fit into any form of body armour.
Your system is resistant to poisons. (rPois)
You are cold-blooded and may be slowed by cold attacks.
You cannot study or use magical devices.
You are somewhat unskilled. (-1 Apt)
You are missing an eye, making it more difficult to aim.


Message History

You kill the jelly!
No target in view!
No target in view!
There is an open door here.
You start resting.
You are no longer corroded.
You open the door.
A stone giant comes into view.
The stone giant throws a large rock.
The large rock hits you!!
The stone giant throws a large rock.
The large rock misses you.
You see here a large rock.
The stone giant throws a large rock.
The large rock hits you!!!
Ouch! That really hurt!
* * * LOW HITPOINT WARNING * * *
There is an open door, spattered with blood here.
You see here a large rock.
The stone giant throws a large rock.
The large rock closely misses you.
The stone giant throws a large rock.
The large rock hits you!!!
Ouch! That really hurt!
You die...

############
####..........#
#.............#
#.##########..#
#(@..#..#..#..#
#.#..((.C..#..#
#.#######'##..# #.#
..#..#
###############.#
..#..#####
................#
+##.......
................#
#.......
########........#
#.######
#........##########.#
#


You could see a stone giant.

Vanquished Creatures
  Josephine (D:10)
  A two-headed ogre (D:8)
  Pikel (D:6)
  Joseph (D:7)
  2 trolls (D:10)
  A hippogriff (D:7)
  Prince Ribbit (D:6)
  3 wraiths (D:10)
  Eustachio (D:5)
  A basilisk (D:10)
  A wyvern (D:8)
  5 yaks (D:10)
  Menkaure (D:6)
  A water moccasin (D:6)
  2 porcupines (D:10)
  Duvessa (D:7)
  5 black bears
  A phantom (D:10)
  A slave (D:6)
  An eye of draining (D:8)
  An orc warrior (D:10)
  3 sky beasts
  3 ogres
  3 centaurs
  A crocodile (D:10)
  A bullfrog (D:8)
  A water moccasin zombie (D:8)
  Dowan (D:7)
  3 scorpions
  4 killer bees (D:7)
  4 wights (D:10)
  2 crimson imps
  2 howler monkeys (D:8)
  A centaur zombie (D:5)
  2 hounds
  A bullfrog zombie (D:9)
  4 jellies
  6 orc priests
  4 bullfrog skeletons
  2 centaur skeletons
  2 iguanas
  Ijyb (D:5)
  4 orc wizards
  7 worker ants
  A statue (D:9)
  3 hound skeletons
  A howler monkey zombie (D:6)
  A howler monkey skeleton (D:7)
  3 gnolls (D:3)
  13 adders
  4 shadow imps
  3 oozes (D:1)
  A worm (D:2)
  4 dart slugs
  5 leopard geckos
  22 orcs
  5 giant cockroaches
  5 goblins
  9 hobgoblins
  21 jackals
  3 kobolds (D:1)
  2 quokkas
  2 ball pythons (D:1)
  12 bats
  9 frilled lizards
  11 rats
  A plant (D:10)
236 creatures vanquished.

Vanquished Creatures (others)
  A slave (D:6)
  A worker ant (D:10)
  6 fungi
  9 plants (D:10)
17 creatures vanquished.

Grand Total: 253 creatures vanquished

Notes
Turn   | Place    | Note
-------+----------+-------------------------------------------
     0 | D:1      | xccam the Draconian Monk began the quest for the Orb.
     0 | D:1      | Reached XP level 1. HP: 19/19 MP: 1/1
   170 | D:1      | Reached XP level 2. HP: 18/26 MP: 2/2
   576 | D:1      | Reached XP level 3. HP: 25/31 MP: 3/3
   608 | D:1      | Reached skill level 4 in Short Blades
   951 | D:1      | You fall through a shaft!
  1354 | D:1      | Reached XP level 4. HP: 20/38 MP: 4/4
  2070 | D:2      | Reached skill level 5 in Short Blades
  2168 | D:2      | Reached XP level 5. HP: 45/45 MP: 5/5
  2353 | D:3      | Found a glowing golden altar of the Shining One.
  2382 | D:3      | Found a basalt altar of Yredelemnul.
  3229 | D:3      | Found a shadowy altar of Dithmenos.
  3520 | D:4      | Reached XP level 6. HP: 43/51 MP: 6/6
  3543 | D:4      | Reached skill level 6 in Short Blades
  4127 | D:4      | Found a staircase to the Ecumenical Temple.
  4131 | Temple   | Entered the Ecumenical Temple
  4147 | Temple   | Became a worshipper of Ru the Awakened
  4167 | Temple   | Gained mutation: You are missing an eye, making it more difficult to aim. [Ru sacrifice]
  4167 | Temple   | Reached * piety under Ru
  4228 | D:4      | Your scales start taking on a lurid green colour.
  4228 | D:4      | Reached XP level 7. HP: 50/57 MP: 7/7
  4228 | D:4      | Gained mutation: Your system is resistant to poisons. (rPois) [Green Draconian growth]
  4251 | D:4      | Reached skill level 7 in Short Blades
  4602 | D:5      | Entered Level 5 of the Dungeon
  4832 | D:5      | Noticed Ijyb
  4837 | D:5      | Killed Ijyb
  4872 | D:5      | Reached skill level 5 in Stealth
  4928 | D:5      | Noticed Eustachio
  4936 | D:5      | Killed Eustachio
  4936 | D:5      | Reached skill level 8 in Short Blades
  4936 | D:5      | Reached XP level 8. HP: 38/63 MP: 8/8
  5328 | D:6      | Noticed Pikel
  5347 | D:6      | Killed Pikel
  5347 | D:6      | Reached skill level 9 in Short Blades
  5419 | D:6      | Found a sparkling altar of Nemelex Xobeh.
  5458 | D:6      | Noticed Prince Ribbit
  5470 | D:6      | Found a shattered altar of Ashenzari.
  5471 | D:6      | Killed Prince Ribbit
  5593 | D:6      | Reached skill level 10 in Short Blades
  5621 | D:6      | Found a snail-covered altar of Cheibriados.
  5798 | D:6      | Reached XP level 9. HP: 70/70 MP: 9/9
  5852 | D:6      | Noticed Menkaure
  5859 | D:6      | Killed Menkaure
  6179 | D:7      | Noticed Joseph
  6186 | D:7      | Killed Joseph
  6282 | D:7      | Reached skill level 11 in Short Blades
  6341 | D:7      | Found an ancient bone altar of Kikubaaqudgha.
  6347 | D:7      | Gained mutation: You are somewhat unskilled. (-1 Apt) [Ru sacrifice]
  6347 | D:7      | Reduced skill Short Blades to level 10
  6347 | D:7      | Reached ** piety under Ru
  6519 | D:7      | Noticed Duvessa
  6519 | D:7      | Noticed Dowan
  6531 | D:7      | Killed Dowan
  6553 | D:7      | Killed Duvessa
  7109 | D:8      | Reached skill level 11 in Short Blades
  7164 | D:8      | Reached XP level 10. HP: 77/77 MP: 10/10
  7189 | D:8      | Noticed a two-headed ogre
  7201 | D:8      | Killed a two-headed ogre
  7393 | D:8      | Found a burning altar of Makhleb.
  7462 | D:8      | Found an ornate altar of the Wu Jian Council.
  7828 | D:9      | Found a snail-covered altar of Cheibriados.
  7997 | D:9      | Found a radiant altar of Vehumet.
  8059 | D:9      | Gained mutation: You cannot study or use magical devices. [Ru sacrifice]
  8059 | D:9      | Reached *** piety under Ru
  8059 | D:9      | Reached **** piety under Ru
  8059 | D:9      | Reached ***** piety under Ru
  8114 | D:9      | Found a staircase to the Orcish Mines.
  8209 | D:10     | Entered Level 10 of the Dungeon
  8212 | D:10     | Found a staircase to the Lair.
  8624 | D:10     | Reached skill level 12 in Short Blades
  9261 | D:10     | Noticed Josephine
  9294 | D:10     | Killed Josephine
  9294 | D:10     | Reached XP level 11. HP: 62/82 MP: 6/11
  9735 | D:10     | Found a runed door.
  9769 | D:10     | Noticed a stone giant
  9775 | D:10     | Hit by a large rock thrown by a stone giant

Skill      XL: |  1  2  3  4  5  6  7  8  9 10 |
---------------+-------------------------------+-----
Stealth        | 2 3 4 5 7 9 |  9.4
Short Blades   | 4 5 6 8 10 11 12 | 12.9
Fighting       | |  3.0
Dodging        | |  2.4

Action                   |  1- 3 |  4- 6 |  7- 9 | 10-12 || total
-------------------------+-------+-------+-------+-------++-------
Melee: Short sword       |   127 |   238 |    91 |       ||   456
       Tailslap          |    14 |    36 |    36 |    54 ||   140
       Rapier            |       |       |   208 |   312 ||   520
Invok: Sacrifice an Eye  |       |     1 |       |       ||     1
       Sacrifice Skill   |       |       |     1 |       ||     1
       Power Leap        |       |       |       |     1 ||     1
       Sacrifice Artific |       |       |       |     1 ||     1
 Abil: Breathe Noxious F |       |       |     5 |     5 ||    10
  Use: Scroll            |     4 |     3 |     7 |       ||    14
       Potion            |     2 |     2 |     2 |       ||     6
 Stab: Sleeping          |     4 |    13 |    16 |     6 ||    39
       Distracted        |       |     2 |     1 |     2 ||     5
       Confused          |       |       |     4 |     6 ||    10
       Invisible         |       |       |       |     5 ||     5
  Eat: Ration            |     1 |       |     1 |       ||     2
       Chunk             |       |     7 |    17 |     8 ||    32
Armor: Skin              |    57 |    70 |    93 |    80 ||   300
Dodge: Dodged            |   108 |   148 |   140 |   113 ||   509
